 Dungeon Crawl Stone Soup version 0.24-a0-84-g25a2d9f (webtiles) character file.

Game seed: 6778653731639295672

79 Kairos the Shield-Bearer (level 4, -4/23 HPs)
             Began as a Vine Stalker Fighter on Feb 7, 2019.
             Slain by Grinder (8 damage)
             ... while paralysed by Grinder
             ... on level 3 of the Dungeon.
             The game lasted 00:02:09 (1469 turns).

Kairos the Shield-Bearer (Vine Stalker Fighter)     Turns: 1469, Time: 00:02:09

Health: -4/23      AC:  5    Str: 20    XL:     4   Next: 38%
Magic:  0/5        EV:  2    Int:  8    God:
Gold:   136        SH:  0    Dex: 13    Spells: 3/3 levels left

rFire    + . .     SeeInvis .   a - +1 war axe
rCold    . . .     Gourm    .   c - +0 shield
rNeg     . . .     Faith    .   k - +0 ring mail {rF+}
rPois    .         Spirit   +   (no helmet)
rElec    .         Reflect  .   (no cloak)
rCorr    .         Harm     .   (no gloves)
MR       .....                  (no boots)
Stlth    +.........             (no amulet)
HPRegen  0.47/turn              (no ring)
MPRegen  0.09/turn              (no ring)

@: paralysed
A: fangs 2, regeneration 1, magic shield, antimagic bite, no potion heal 3, rot
immunity
a: no special abilities


You were on level 3 of the Dungeon.
You were not hungry.

You visited 1 branch of the dungeon, and saw 3 of its levels.

You collected 136 gold pieces.

Inventory:

Hand Weapons
 a - a +1 war axe (weapon)
Armour
 b - a +0 scale mail
 c - a +0 shield (worn)
 k - a +0 ring mail of fire resistance (worn)
Scrolls
 g - a scroll of remove curse
 i - a scroll of noise
 l - 3 scrolls of teleportation
Potions
 d - 2 potions of might
 e - 2 potions of brilliance {unknown}
 h - a potion of curing {unknown}
 m - a potion of heal wounds {unknown}
Comestibles
 f - 3 rations


   Skills:
 + Level 2.9 Fighting
 + Level 2.2 Axes
 + Level 3.1 Armour
 + Level 0.1 Dodging
 + Level 3.5 Shields


You had 3 spell levels left.
You didn't know any spells.
Your spell library was empty.

Dungeon Overview and Level Annotations

Branches:
Dungeon (3/15)

Altars:

Annotations:
D:3 Grinder


Innate Abilities, Weirdness & Mutations

You have extremely sharp teeth.
Your natural rate of healing is unusually fast.
When hurt, damage is shared between your health and your magic reserves.
Your bite disrupts and absorbs the magic of your enemies.
Potions cannot restore your health.
You are immune to rotting.


Message History

Grinder hits you.
You writhe in agony.
You barely miss Grinder. You bite Grinder, but do no damage.
Grinder blinks!
Grinder blinks!
You slash Grinder!
Grinder is moderately wounded.
Grinder gestures at you.
You struggle to resist.
You barely miss Grinder.
Grinder is moderately wounded.
Grinder hits you.
You writhe in agony.
You closely miss Grinder. Your bite misses Grinder.
Grinder is moderately wounded.
You block Grinder's attack. Grinder gestures at you.
You suddenly lose the ability to move!
Grinder hits you.
You writhe in agony.
Grinder hits you.
You writhe in agony.
* * * LOW HITPOINT WARNING * * *
Grinder hits you!
You die...

#############
.......<....#
########.#......
#....@5..# .####
#.#......# #
#.####.# #. !.#
#. ### #. #. #.


You could see Grinder.

Vanquished Creatures
  2 adders (D:2)
  2 oozes (D:2)
  A worm (D:2)
  A dart slug (D:2)
  3 leopard geckos (D:2)
  4 goblins
  6 hobgoblins
  2 jackals (D:2)
  A quokka (D:2)
  A ball python (D:2)
  8 bats
  3 frilled lizards
  7 kobolds
  6 rats
47 creatures vanquished.

Notes
Turn   | Place    | Note
-------+----------+-------------------------------------------
     0 | D:1      | Kairos the Vine Stalker Fighter began the quest for the
                  | Orb.
     0 | D:1      | Reached XP level 1. HP: 11/11 MP: 2/2
   283 | D:1      | Reached XP level 2. HP: 16/16 MP: 3/3
   830 | D:2      | Reached XP level 3. HP: 18/19 MP: 4/4
  1100 | D:2      | Gained mutation: Your natural rate of healing is unusually
                  | fast. [Vine Stalker growth]
  1100 | D:2      | Reached XP level 4. HP: 18/23 MP: 5/5
  1456 | D:3      | Noticed Grinder
  1466 | D:3      | Paralysed by Grinder for 4 turns
  1469 | D:3      | Slain by Grinder

Levels and vault maps discovered:

Skill      XL: |  1  2  3 |
---------------+----------+-----
Shields        | 3 |  3.5
Armour         | 3 |  3.1
Axes           | 2 |  2.2
Fighting       | |  2.9
Dodging        | |  0.1

Action                   |  1- 3 |  4- 6 || total
-------------------------+-------+-------++-------
Melee: War axe           |    73 |    26 ||    99
       Bite              |    12 |     4 ||    16
  Use: Scroll            |     5 |     2 ||     7
  Eat: Chunk             |       |     2 ||     2
Armor: Scale mail        |    31 |       ||    31
       Ring mail         |     4 |     6 ||    10
Dodge: Dodged            |    21 |    10 ||    31
Block: Shield            |    43 |    13 ||    56

Table legend:
 A = Non-vault XP
 B = Vault XP
 C = Vault XP percentage of total XP
 D = Non-vault monster count
 E = Vault monster count
 F = Vault count percentage of total count
                 A         B        C        D         E       F
            +---------+---------+-------+---------+---------+-------
      Total |     109 |       5 |   4.4 |      43 |       4 |   8.5
            +---------+---------+-------+---------+---------+-------
        D:1 |      14 |       5 |  26.3 |      11 |       4 |  26.7
        D:2 |      95 |       0 |   0.0 |      32 |       0 |   0.0
            +---------+---------+-------+---------+---------+-------
